 Dungeon Crawl Stone Soup version 0.32-a0-571-gec57dfcd37 (webtiles) character file.

Game seed: 7359300056152797293

563 ytrimaz the Chopper (level 7, -1/52 HPs)
             Began as a Coglin Fighter on Mar 1, 2024.
             Succumbed to a killer bee's poison
             ... on level 4 of the Dungeon.
             The game lasted 00:03:51 (3011 turns).

ytrimaz the Chopper (Coglin Fighter)                Turns: 3011, Time: 00:03:51

Health: -1/52      AC:  6    Str: 15 (18) XL:     7   Next: 32%
Magic:  7/7        EV:  9    Int:  5 (7)  God:
Gold:   145        SH:  0    Dex: 13 (14) Spells: 6/6 levels left

rFire   . . .        a - +0 war axe {Izel}
rCold   . . .        g - +0 hand axe {Yawen}
rNeg    . . .        b - +0 scale mail
rPois   .            (no helmet)
rElec   .            (no cloak)
rCorr   .            (no gloves)
SInv    .            (no boots)
Will    .....        (amulet unavailable) Stlth
                     (ring unavailable)
HPRegen 0.28/turn    (ring unavailable)
MPRegen 0.10/turn    (no gizmo)

%: no passive effects
@: mighty, lethally poisoned (-1 -> -11), revving
A: off-hand wielding, slow wielding, warmup strikes, no jewellery
a: Invent Gizmo


You were on level 4 of the Dungeon.
You visited 1 branch of the dungeon, and saw 4 of its levels.

You collected 145 gold pieces.


Innate Abilities, Weirdness & Mutations

You can wield a second weapon in your off-hand.
It takes a long time for you to wield or remove held weapons.
Your first few attacks do less damage.
You cannot equip rings or amulets.


   Skills:
 - Level 3.0 Fighting
 + Level 7.9 Axes
 - Level 2.6 Armour
 - Level 2.1 Shields


You had 6 spell levels left.
You didn't know any spells.
Your spell library contained the following spells:

 Spells                   Type           Power      Damage    Failure   Level
 Lesser Beckoning         Tloc           0%         N/A       97%         2
 Gell's Gravitas          Tloc           0%         N/A       99%         3
 Teleport Other           Tloc           0%         N/A       99%         3

Inventory:

Hand Weapons
 a - a +0 war axe (weapon) {Izel}
 g - a +0 hand axe (offhand) {Yawen}
   (You found it on level 1 of the Dungeon)
Missiles
 h - 5 atropa-tipped darts (quivered)
 k - a throwing net
Armour
 b - a +0 scale mail (worn)
 c - a +0 buckler
Wands
 t - a wand of paralysis (8)
   (You took it off Ijyb on level 4 of the Dungeon)
Scrolls
 e - a scroll of noise
 i - a scroll of blinking {unknown}
 l - a scroll of amnesia {unknown}
 m - 2 scrolls of teleportation {unknown}
 n - a scroll of revelation {unknown}
 p - a scroll of enchant weapon {unknown}
 q - a scroll of fear {unknown}
 r - 2 scrolls of identify {unknown}
Potions
 j - a potion of degeneration
 o - a potion of enlightenment {unknown}
 s - a potion of cancellation {unknown}

Dungeon Overview and Level Annotations

Branches:
Dungeon (4/15) Zot: 20962
 Temple: D:4-7

Altars:
Cheibriados
Ru

Shops:
D:4 !?

Annotations:
D:3 1 runed translucent door, Crazy Yiuf

#...###'#####......####
#...##..# #......####
########....######..........
#................'..........
.#####..#########......#...
##...##########......#...
.......#.........#......#...
#.####.#..y.!....#......#...
#....y@#...#####+#.#...
##..5y.# ..# .#...
.......### g .#... #...#..#
... ..#.#...# ... ...∩..S##
.... .#.#.. #... #...#5 #
... ...... #.###.


You could see a lemure, 3 killer bees and a ball python.


Message History

Unknown command.
You closely miss Ijyb with your +0 hand axe.
You barely miss Ijyb with your +0 war axe.
Ijyb closely misses you.
Unknown command.
You slash Ijyb with your +0 war axe! You slash Ijyb with your +0 hand axe!
Ijyb hits you with a +4 club. 😕 HP[-1]
You take 1 damage, and now have 45/52 hp.
You hit Ijyb but do no damage. x2; Ijyb closely misses you.
Unknown command.
You closely miss Ijyb with your +0 hand axe.
You closely miss Ijyb with your +0 war axe.
Ijyb hits you with a +4 club. 😕 HP[-4]
You take 4 damage, and now have 41/52 hp.
You hit Ijyb but do no damage. You slash Ijyb with your +0 war axe!
You kill Ijyb!
Unknown command. 😕 HP[+1]
t - a wand of paralysis (8)
Things that are here:
a +4 club; a +0 scale mail; the goblin corpse of Ijyb Unknown command.
You open the door.
There is an open door here.
Found Somm's Distillery.
You now have 145 gold pieces (gained 12). 😎 HP[+10]
Your hp is fully restored (52).
A goblin comes into view.
It is wielding a +0 club and quivering atropa-tipped darts.
A goblin is nearby!
A goblin is nearby!
A killer bee comes into view.
Unknown command.
A lemure comes into view.
The lemure shouts!
A killer bee comes into view.
The killer bee moves out of view.
A killer bee comes into view.
You miss the killer bee with your +0 war axe.
You hit the killer bee with your +0 hand axe.
The killer bee barely misses you. x2
You feel very mighty all of a sudden. The killer bee stings you.
You are poisoned.
The killer bee poisons you! The killer bee stings you.
You are more poisoned.
The killer bee poisons you! 😕 HP[-3]
You take 3 damage, and now have 49/52 hp.
You barely miss the killer bee with your +0 hand axe.
You slash the killer bee with your +0 hand axe!
You barely miss the killer bee with your +0 war axe.
You closely miss the killer bee with your +0 war axe.
You feel very sick. The killer bee stings you!
The killer bee closely misses you. The killer bee stings you. x2
You are more poisoned.
The killer bee poisons you!
A ball python comes into view. 😮 HP[-17]
You take 17 damage, and now have 32/52 hp.
MASSIVE DAMAGE!! (PAUSE) Unknown command.
It was a potion of degeneration.
There was something very wrong with that liquid.
You feel weakened.
You feel dopey.
You feel clumsy.
You feel very sick. The killer bee stings you.
* * * LOW HITPOINT WARNING * * *
You are more poisoned.
The killer bee poisons you! The killer bee stings you.
* * * LOW HITPOINT WARNING * * *
The killer bee stings you.
* * * LOW HITPOINT WARNING * * *
You are more poisoned.
The killer bee poisons you! The killer bee misses you.
The killer bee stings you.
* * * LOW HITPOINT WARNING * * *
😨 HP[-17]
You take 17 damage, and now have 15/52 hp.
MASSIVE DAMAGE!! (PAUSE)
You feel better. The killer bee stings you.
* * * LOW HITPOINT WARNING * * *
The killer bee stings you but does no damage.
The killer bee barely misses you. The killer bee stings you!
* * * LOW HITPOINT WARNING * * *
The killer bee stings you!
* * * LOW HITPOINT WARNING * * *
You are lethally poisoned!
The killer bee poisons you! The killer bee stings you.
* * * LOW HITPOINT WARNING * * *
😱 HP[-14]
You take 14 damage, and now have 1/52 hp.
MASSIVE DAMAGE!! (PAUSE)
Okay, then.
As you read the scroll labelled TUGHUO RANGAITZ, it crumbles to dust.
You hear a loud clanging noise!
It was a scroll of noise.
You die...

Skill      XL: |  1  2  3  4  5  6 |
---------------+-------------------+-----
Axes           | 3 4 6 7 |  7.9
Fighting       | |  3.0
Armour         | |  2.6
Shields        | |  2.1

Action                     |  1- 3 |  4- 6 |  7- 9 || total
---------------------------+-------+-------+-------++-------
  Melee: War axe           |    56 |    73 |    12 ||   141
         Hand axe          |    42 |    70 |    14 ||   126
  Throw: Dart              |       |     8 |       ||     8
    Use: Potion            |       |     1 |     3 ||     4
         Scroll            |       |       |     1 ||     1
 Armour: Scale mail        |    55 |    64 |    24 ||   143
  Dodge: Dodged            |    33 |    30 |     9 ||    72
  Block: Buckler           |     6 |       |       ||     6

Levels and vault maps discovered:
D:1:      ncdulo_halloftheorcs, layout_basic,
          shapermc_ecumenical_altar_mp_vishouse, minivault_5
D:2:      layout_rooms
D:3:      layout_loops_corners, nicolae_ru_sacrificial_ziggurat,
          mainiacjoe_overflow_alcove_4, uniq_crazy_yiuf_cottage, uniq_sigmund
D:4:      layout_basic, nzn_overflow_gifts_of_might_and_magic, serial_shops,
          nicolae_shop_advertising_works [nicolae_subvault_shop_adworks],
          nicolae_shop_bloodbath_and_beyond, nicolae_shop_rolling_square, shop,
          kennysheep_cross_bottleneck, uniq_grinder, uniq_pikel, uniq_ijyb

Notes
Turn   | Place    | Note
-------+----------+-------------------------------------------
     0 | D:1      | ytrimaz the Coglin Fighter began the quest for the Orb.
     0 | D:1      | Reached XP level 1. HP: 18/18 MP: 1/1
     0 | D:1      | magus.rc [v1.9.6]
    75 | D:1      | Reached XP level 2. HP: 24/24 MP: 2/2
   324 | D:1      | Found a faded altar of an unknown god.
   493 | D:1      | Reached skill level 3 in Axes
   791 | D:1      | Reached XP level 3. HP: 29/29 MP: 3/3
  1130 | D:2      | Reached skill level 4 in Axes
  1140 | D:2      | Identified the +6 dagger "Goblinslayer" {pain, Dex+3}
  1171 | D:2      | Reached XP level 4. HP: 35/35 MP: 4/4
  1602 | D:3      | Found a snail-covered altar of Cheibriados.
  1649 | D:3      | Noticed Sigmund
  1662 | D:3      | Killed Sigmund
  1663 | D:3      | Reached skill level 6 in Axes
  1663 | D:3      | Reached XP level 5. HP: 24/41 MP: 5/5
  1754 | D:3      | Found a sacrificial altar of Ru.
  1875 | D:3      | Reached XP level 6. HP: 47/47 MP: 6/6
  1876 | D:3      | You pick up a book of Displacement and begin reading...
  1876 | D:3      | You add the spells Lesser Beckoning, Gell's Gravitas and
                  | Teleport Other to your library.
  2071 | D:3      | Found a runed translucent door.
  2072 | D:3      | Noticed Crazy Yiuf
  2639 | D:4      | Found Zetam's Magic Scroll Boutique.
  2823 | D:4      | Noticed Grinder
  2823 | D:4      | Paralysed by Grinder for 5 turns
  2835 | D:4      | Killed Grinder
  2836 | D:4      | Reached skill level 7 in Axes
  2836 | D:4      | Reached XP level 7. HP: 45/52 MP: 7/7
  2936 | D:4      | Noticed Ijyb
  2938 | D:4      | Paralysed by Ijyb for 5 turns
  2950 | D:4      | Killed Ijyb
  2999 | D:4      | Found Somm's Distillery.
  3010 | D:4      | HP: 13/52 [killer bee (8)]
  3010 | D:4      | HP: 5/52 [killer bee (8)]
  3010 | D:4      | HP: 1/52 [killer bee (4)]
  3011 | D:4      | Succumbed to a killer bee's poison

Vanquished Creatures
  Grinder (D:4)
  Sigmund (D:3)
  A bombardier beetle (D:3)
  Ijyb (D:4)
  3 gnolls (D:4)
  5 adders
  2 ribbon worms
  3 dart slugs
  4 orcs (D:3)
  4 ball pythons
  4 endoplasms
  5 giant cockroaches
  2 goblins
  10 hobgoblins
  6 jackals (D:1)
  4 quokkas
  4 bats
  5 frilled lizards
  3 kobolds
  4 rats
72 creatures vanquished.

Table legend:
 A = Non-vault XP
 B = Vault XP
 C = Vault XP percentage of total XP
 D = Non-vault monster count
 E = Vault monster count
 F = Vault count percentage of total count
                 A         B        C        D         E       F
            +---------+---------+-------+---------+---------+-------
      Total |     278 |     527 |  65.5 |      69 |       3 |   4.2
            +---------+---------+-------+---------+---------+-------
        D:1 |      38 |       0 |   0.0 |      21 |       0 |   0.0
        D:2 |      58 |       0 |   0.0 |      17 |       0 |   0.0
        D:3 |     122 |     214 |  63.7 |      21 |       1 |   4.5
        D:4 |      60 |     313 |  83.9 |      10 |       2 |  16.7
            +---------+---------+-------+---------+---------+-------

Skill      XL: |  1  2  3  4  5  6 |
---------------+-------------------+-----
Axes           | 3 4 6 7 |  7.9
Fighting       | |  3.0
Armour         | |  2.6
Shields        | |  2.1

Action                     |  1- 3 |  4- 6 |  7- 9 || total
---------------------------+-------+-------+-------++-------
  Melee: War axe           |    56 |    73 |    12 ||   141
         Hand axe          |    42 |    70 |    14 ||   126
  Throw: Dart              |       |     8 |       ||     8
    Use: Potion            |       |     1 |     3 ||     4
         Scroll            |       |       |     1 ||     1
 Armour: Scale mail        |    55 |    64 |    24 ||   143
  Dodge: Dodged            |    33 |    30 |     9 ||    72
  Block: Buckler           |     6 |       |       ||     6

Illustrated notes

Table legend:
 A = Kills in this place as a percentage of kills in the entire game.
 B = Kills by you in this place as a percentage of kills by you in the entire game.
 C = Kills by friends in this place as a percentage of kills by friends in the entire game.
 D = Other kills in this place as a percentage of other kills in the entire game.
 E = Experience gained in this place as a percentage of experience gained in the entire game.
 F = Experience gained in this place divided by the number of levels of this place that you have seen.
                   A       B       C       D       E      F
               +-------+-------+-------+-------+-------+----------------------
         Total | 100.0 | 100.0 |   N/A |   N/A | 100.0 | 201.2
       Dungeon | 100.0 | 100.0 |   N/A |   N/A | 100.0 | 201.2
               +-------+-------+-------+-------+-------+----------------------

Table legend: (Time is in decaauts)
 A = Elapsed time spent in this place.
 B = Non-inter-level travel time spent in this place.
 C = Inter-level travel time spent in this place.
 D = Time resting spent in this place.
 E = Time spent auto-exploring this place.
 F = Levels seen in this place.
 G = Mean time per level.
                   A        B        C        D        E       F      G
               +--------+--------+--------+--------+--------+-----+--------+
         Total |   3037 |   2987 |     50 |      0 |   2448 |   4 |  759.2 |
       Dungeon |   3037 |   2987 |     50 |      0 |   2448 |   4 |  759.2 |
               +--------+--------+--------+--------+--------+-----+--------+

Top non-repeatable levels by time:
     D:3: 1210 daAuts
     D:1: 996 daAuts
     D:4: 425 daAuts
     D:2: 406 daAuts
